Description

2 roach timing attack for nooby zerg i asked wintergaming to do

Replay - A.I. 1 (Very Easy) v MicroJackson - Bel'Shir Vestige LE (Void)

Build Order

Get SALT Encoding   

  12  0:01  Drone  
  13  0:14  Overlord  
  13  0:19  Drone  
  14  0:32  Drone x3  
  17  0:52  Hatchery  
  17  0:56  Drone x2  
  18  1:09  Extractor  
  17  1:13  Drone  
  18  1:19  Spawning Pool  
  18  1:22  Drone  
  18  1:30  Drone  
  19  1:40  Overlord  
  20  2:06  Queen x2  
  20  2:07  Zergling x4  
  26  2:11  Metabolic Boost  
  28  2:27  Overlord  
  30  2:43  Queen  
  37  3:17  Overlord  
  37  3:19  Lair  
  44  3:27  Evolution Chamber  
  44  3:32  Roach Warren  
  44  3:36  Extractor x3  
  50  3:58  Zerg Missile Weapons Level 1  
  52  4:14  Overlord  
  52  4:18  Glial Reconstitution  
  52  4:37  Roach x4  
  60  4:46  Roach x4  
  60  4:51  Roach x2  
  82  5:09  Ravager x2  
Spawning Tool Build Advisor. Get it on Overwolf

Go to:

Details

  • Created by: MingLord
  • Published on: Mar 21, 2017
  • Modified on: Mar 21, 2017
  • Patch: 3.8.0
Show
View Real Time Build Order
Export as new Build Order

Comments (0)

There are no comments. Be the first!

Create an account to comment!